[Event "Titled Tuesday Blitz January 31 Early 2023"]
[White "Iljin, Timofey"]
[Black "Grandelius, Nils"]
[WhiteFideId "14110180"]
[BlackFideId "1710400"]
[WhiteElo "2329"]
[BlackElo "2664"]
[Result "0-1"]
[Round "01"]
[TimeControl "180+2"]
[Date "2023.01.31"]
[WhiteClock "0:00:05"]
[BlackClock "0:00:24"]

1. e4 c5 2. c3 d5 3. exd5 Nf6 4. d4 cxd4 5. cxd4 Nxd5 6. Nf3 g6 7. Nc3 Bg7 8. Bc4 Nxc3 9. bxc3 Qc7 10. Qe2 Be6 11. Nd2 Bxc4 12. Qxc4 Qxc4 13. Nxc4 O-O 14. Bd2 Rc8 15. Ne3 Nc6 16. O-O e6 17. Rab1 b6 18. Rfd1 Na5 19. Kf1 Bh6 20. Ke2 Bxe3 21. fxe3 Rc4 22. Rb4 Rac8 23. Kd3 Rxb4 24. cxb4 Nc4 25. Rc1 b5 26. e4 f6 27. Ke2 Kf7 28. a4 bxa4 29. Ra1 Nb6 30. Kd3 a6 31. b5 axb5 32. Rb1 Ra8 33. Rxb5 Nd7 34. Ba5 Ke7 35. Kc4 Kd6 36. Kb4 e5 37. d5 f5 38. exf5 gxf5 39. Kxa4 Nf6 40. Rb6+ Ke7 41. d6+ Kd7 42. Kb5 Nd5 43. Rb7+ Kxd6 44. Rxh7 e4 45. Be1 Ke5 46. h4 Ra1 47. Bf2 Ra2 48. Bc5 Rb2+ 49. Kc6 Rxg2 50. h5 Nf6 51. Re7+ Kf4 52. h6 Rg6 53. h7 Nxh7+ 54. Kd7 Nf6+ 55. Kd8 Rg8+ 56. Kc7 Nd5+ 57. Kd7 Nxe7 58. Bxe7 Kf3 59. Bc5 f4 60. Ke6 e3 61. Kf7 Ra8 0-1


[Site "https://www.chess.com"]

[Event "Titled Tuesday Blitz January 31 Early 2023"]
[White "Arencibia Monduy, Antonio"]
[Black "Madaminov, Mukhiddin"]
[WhiteFideId "3507939"]
[BlackFideId "14210703"]
[WhiteElo "2122"]
[BlackElo "2422"]
[Result "0-1"]
[Round "01"]
[TimeControl "180+2"]
[Date "2023.01.31"]
[WhiteClock "0:00:09"]
[BlackClock "0:00:10"]

1. e4 e6 2. d4 d5 3. e5 c5 4. c3 Nc6 5. Nf3 Qb6 6. Bd3 cxd4 7. O-O Bd7 8. a3 Rc8 9. b4 dxc3 10. Nxc3 Nxb4 11. axb4 Rxc3 12. Be3 Qxb4 13. Rxa7 Ne7 14. Ra8+ Rc8 15. Bd2 Qb6 16. Rxc8+ Nxc8 17. Qc2 Be7 18. Bxh7 Qc6 19. Qb1 Nb6 20. Bd3 Nc4 21. Bf4 Bc5 22. Qa2 b5 23. h4 b4 24. Ng5 Na3 25. Qe2 Bd4 26. Qf3 Rf8 27. Rc1 Bc3 28. Nh7 Rh8 29. Bg5 Nc4 30. Nf6+ Kf8 31. Nxd7+ Qxd7 32. Bxc4 dxc4 33. Qa8+ Qe8 34. Qa5 Kg8 35. Qc5 f6 36. exf6 gxf6 37. Bf4 Rxh4 38. Bg3 Re4 39. Kf1 Qd7 40. Kg1 Re1+ 41. Rxe1 Bxe1 42. Qxc4 Bc3 43. Qg4+ Kf8 44. Bf4 Qd5 45. Bh6+ Ke7 46. Qg7+ Kd6 47. Qf8+ Ke5 48. Bf4+ Ke4 49. Be3 Kd3 50. Qg8 Kc2 51. Qg6+ f5 52. Qe8 b3 53. Qa4 Qa5 54. Qd7 b2 55. Qxe6 b1=Q+ 56. Kh2 Qe5+ 0-1


[Site "https://www.chess.com"]

[Event "Titled Tuesday Blitz January 31 Early 2023"]
[White "Zhigalko, Sergei"]
[Black "Yaniuk, Volodymyr"]
[WhiteFideId "13502956"]
[BlackFideId "14133083"]
[WhiteElo "2572"]
[BlackElo "2223"]
[Result "1-0"]
[Round "01"]
[TimeControl "180+2"]
[Date "2023.01.31"]
[WhiteClock "0:00:40"]
[BlackClock "0:00:05"]

1. e4 e5 2. Nf3 Nf6 3. d4 Nxe4 4. Bd3 d5 5. Nxe5 Nd7 6. Nxd7 Bxd7 7. O-O Be7 8. c4 c6 9. Re1 O-O 10. Nc3 Nxc3 11. bxc3 Bf6 12. cxd5 cxd5 13. Qh5 g6 14. Qxd5 Bc6 15. Qxd8 Rfxd8 16. Rb1 Rac8 17. Bd2 Bd5 18. a4 b6 19. a5 Rd6 20. axb6 axb6 21. h3 Kg7 22. Rb5 Bc4 23. Bxc4 Rxc4 24. Reb1 Bd8 25. Kf1 Ra4 26. Ke2 Ra2 27. R5b2 Ra3 28. Kd3 Bf6 29. Rb3 Ra6 30. Bf4 Rc6 31. Be3 Bd8 32. d5 Rd6 33. c4 Ra2 34. R1b2 Ra6 35. Bd4+ f6 36. g4 Kf7 37. f4 h6 38. f5 h5 39. Re2 hxg4 40. hxg4 Ra7 41. Re6 Rad7 42. Ke4 gxf5+ 43. gxf5 Bc7 44. Bxf6 b5 45. Rxb5 Rxe6+ 46. fxe6+ Kxf6 47. exd7 Ke7 48. Rb7 Kxd7 49. c5 Kc8 50. Rxc7+ Kxc7 51. Ke5 Kd7 52. d6 Kc6 53. Ke6 Kb7 54. Ke7 Kb8 55. d7 1-0


[Site "https://www.chess.com"]

[Event "Titled Tuesday Blitz January 31 Early 2023"]
[White "Mortazavi, Ali"]
[Black "Ivic, Velimir"]
[WhiteFideId "401323"]
[BlackFideId "950122"]
[WhiteElo "2333"]
[BlackElo "2595"]
[Result "0-1"]
[Round "01"]
[TimeControl "180+2"]
[Date "2023.01.31"]
[WhiteClock "0:00:13"]
[BlackClock "0:01:37"]

1. Nf3 Nf6 2. g3 g6 3. Bg2 Bg7 4. O-O O-O 5. d3 d6 6. e4 c5 7. e5 dxe5 8. Nxe5 Nfd7 9. Nc4 Nc6 10. Nc3 Nd4 11. Re1 e5 12. Nd6 Qc7 13. Nxc8 Raxc8 14. Nd5 Qd6 15. c3 Nc6 16. Ne3 Rfe8 17. Nc4 Qc7 18. a4 Nb6 19. Qe2 f5 20. Nxb6 axb6 21. h4 Qf7 22. h5 gxh5 23. Bf3 Qf6 24. Bxh5 Red8 25. Bf3 Bh6 26. Bxh6 Qxh6 27. Kg2 Re8 28. Rh1 Qg7 29. Bd5+ Kh8 30. Rh5 Ne7 31. Bc4 Ng6 32. Kh1 e4 33. Rxf5 e3 34. fxe3 Ne5 35. Bd5 Qxg3 36. Rg1 Qh3+ 37. Qh2 Qxf5 38. Be4 Qf7 39. Rg5 Nf3 40. Qh5 Nxg5 41. Qh6 Qg7 0-1


[Site "https://www.chess.com"]

[Event "Titled Tuesday Blitz January 31 Early 2023"]
[White "Manukian, Artak"]
[Black "Yeletsky, Ivan"]
[WhiteFideId "13301373"]
[BlackFideId "24180327"]
[WhiteElo "2196"]
[BlackElo "2494"]
[Result "0-1"]
[Round "01"]
[TimeControl "180+2"]
[Date "2023.01.31"]
[WhiteClock "0:01:50"]
[BlackClock "0:02:02"]

1. e4 Nf6 2. Nc3 d5 3. exd5 Nxd5 4. Bc4 c6 5. Qf3 e6 6. d4 Be7 7. Nge2 O-O 8. h4 b5 9. Bd3 Nb4 10. Bg5 Nd7 11. O-O-O Nf6 12. Ne4 Nxa2+ 13. Kb1 Nb4 14. h5 Nxe4 15. Qxe4 f5 16. Bxe7 fxe4 17. Bxd8 exd3 18. Be7 dxc2+ 0-1


[Site "https://www.chess.com"]

[Event "Titled Tuesday Blitz January 31 Early 2023"]
[White "Moroni, Luca Jr"]
[Black "Mohammed, Zozek Salah Mohammed"]
[WhiteFideId "865834"]
[BlackFideId "4803361"]
[WhiteElo "2535"]
[BlackElo "2210"]
[Result "1-0"]
[Round "01"]
[TimeControl "180+2"]
[Date "2023.01.31"]
[WhiteClock "0:00:46"]
[BlackClock "0:00:51"]

1. d4 d5 2. Nf3 Nf6 3. c3 c5 4. dxc5 e6 5. b4 a5 6. e3 b6 7. Bb5+ Bd7 8. Bxd7+ Qxd7 9. Ne5 Qc7 10. Qa4+ Nfd7 11. Nxd7 Qxd7 12. Qxd7+ Kxd7 13. cxb6 axb4 14. cxb4 Bxb4+ 15. Bd2 Nc6 16. b7 Rab8 17. Bxb4 Nxb4 18. Kd2 Rxb7 19. Nc3 Rhb8 20. Rhb1 Nc6 21. Rxb7+ Rxb7 22. Kc2 Ne5 23. a4 Nc4 24. Ra2 Ra7 25. Nb5 Ra5 26. Kc3 Kc6 27. Kb4 e5 28. e4 f6 29. g4 g6 30. Rc2 1-0


[Site "https://www.chess.com"]

[Event "Titled Tuesday Blitz January 31 Early 2023"]
[White "Ibarra Jerez, Jose Carlos"]
[Black "Biastoch, Bennet"]
[WhiteFideId "2226332"]
[BlackFideId "12939889"]
[WhiteElo "2563"]
[BlackElo "2257"]
[Result "0-1"]
[Round "01"]
[TimeControl "180+2"]
[Date "2023.01.31"]
[WhiteClock "0:00:08"]
[BlackClock "0:00:28"]

1. e4 c5 2. Nc3 a6 3. g4 b5 4. Bg2 Bb7 5. d3 e6 6. Nh3 Nc6 7. O-O h5 8. g5 Nge7 9. f4 Qc7 10. f5 O-O-O 11. g6 exf5 12. Ng5 Ne5 13. gxf7 b4 14. Nd5 Nxd5 15. exd5 g6 16. Bf4 Bd6 17. Qd2 Ng4 18. h3 Ne5 19. Rae1 Rhf8 20. d4 Nxf7 21. Nxf7 Rxf7 22. Bxd6 Qxd6 23. dxc5 Qxc5+ 24. Kh1 a5 25. Rf4 g5 26. Rd4 f4 27. c3 f3 28. Bf1 Rf4 29. Rxf4 gxf4 30. cxb4 Qxd5 31. Rc1+ Kb8 32. Qxf4+ d6 33. Rc5 Qd1 34. Rc1 Qd5 35. Bc4 Qc6 36. b5 Qd7 37. Kh2 Qg7 38. Qd2 Qe5+ 39. Kh1 f2+ 40. Bd5 Bxd5+ 0-1


[Site "https://www.chess.com"]

[Event "Titled Tuesday Blitz January 31 Early 2023"]
[White "Gokerkan, Cem Kaan"]
[Black "Erzhanov, Arman"]
[WhiteFideId "6336760"]
[BlackFideId "4138821"]
[WhiteElo "2500"]
[BlackElo "2228"]
[Result "1-0"]
[Round "01"]
[TimeControl "180+2"]
[Date "2023.01.31"]
[WhiteClock "0:01:11"]
[BlackClock "0:00:18"]

1. e4 d6 2. d4 Nf6 3. Nc3 e5 4. Nf3 Nbd7 5. Rg1 g6 6. g4 Bg7 7. g5 Nh5 8. Be3 O-O 9. Qd2 c6 10. O-O-O b5 11. dxe5 dxe5 12. Qd6 Qa5 13. Qxc6 Rb8 14. Rxd7 Bxd7 15. Qxd7 b4 16. Qa4 Qd8 17. Nd5 Nf4 18. Bc4 Rc8 19. Qb3 a5 20. Rd1 Nxd5 21. Bxd5 Qc7 22. Rd2 Kh8 23. h4 f5 24. gxf6 Rxf6 25. Ng5 h6 26. Ne6 Qe7 27. Nxg7 Kxg7 28. a4 bxa3 29. Qxa3 Qc7 30. Bb3 Rc6 31. Kb1 Rd8 32. Qa4 Rxd2 33. Bxd2 Rc5 34. Qe8 Qd6 35. Qf7+ 1-0


[Site "https://www.chess.com"]

[Event "Titled Tuesday Blitz January 31 Early 2023"]
[White "Jovic, Stanoje"]
[Black "Jones, Gawain C B"]
[WhiteFideId "905020"]
[BlackFideId "409561"]
[WhiteElo "2075"]
[BlackElo "2618"]
[Result "0-1"]
[Round "01"]
[TimeControl "180+2"]
[Date "2023.01.31"]
[WhiteClock "0:00:04"]
[BlackClock "0:00:14"]

1. c4 g6 2. g3 Bg7 3. Bg2 Nf6 4. Nc3 O-O 5. Nf3 c5 6. O-O d6 7. d4 Nc6 8. dxc5 dxc5 9. Bf4 Nh5 10. Be3 b6 11. Qa4 Bd7 12. Rfd1 Nd4 13. Qa6 Nc2 14. Bh3 Qc8 15. Qxc8 Bxc8 16. Bxc8 Rfxc8 17. Rac1 Nxe3 18. fxe3 Nf6 19. b3 Bh6 20. Rd3 e6 21. h3 Rd8 22. Rcd1 Rxd3 23. Rxd3 Kf8 24. Kf2 Bg7 25. Ne5 Ke8 26. g4 Ng8 27. Nf3 Bxc3 28. Rxc3 Ne7 29. Rd3 Nc6 30. g5 Rd8 31. a3 Na5 32. Nd2 Ke7 33. Kf3 Nc6 34. Kf4 Rh8 35. Ne4 h6 36. gxh6 Rxh6 37. Kg3 Ne5 38. Rd2 Rh8 39. h4 Nc6 40. Ng5 f6 41. Ne4 Na5 42. Rd3 Rh5 43. Kg4 Nc6 0-1


[Site "https://www.chess.com"]

[Event "Titled Tuesday Blitz January 31 Early 2023"]
[White "Grigoriants, Sergey"]
[Black "Nguyen Hong Nhung"]
[WhiteFideId "4130804"]
[BlackFideId "12412201"]
[WhiteElo "2562"]
[BlackElo "2003"]
[Result "1-0"]
[Round "01"]
[TimeControl "180+2"]
[Date "2023.01.31"]
[WhiteClock "0:00:07"]
[BlackClock "0:00:05"]

1. d4 f5 2. Nf3 Nf6 3. g3 g6 4. Bg2 Bg7 5. O-O O-O 6. b3 d6 7. Bb2 Ne4 8. Nbd2 Nc6 9. e3 Nxd2 10. Qxd2 e5 11. d5 Ne7 12. Ng5 h6 13. Ne6 Bxe6 14. dxe6 Qc8 15. e4 Rb8 16. exf5 gxf5 17. Qa5 Qxe6 18. Qxa7 d5 19. Rfe1 Nc6 20. Qc5 e4 21. Bxg7 Kxg7 22. Rad1 Rbd8 23. b4 Qd6 24. Qxd6 Rxd6 25. a3 Ne5 26. a4 Ra8 27. Ra1 Rad8 28. c3 Rc6 29. Ra3 Kf6 30. a5 Nc4 31. Rb3 Rcd6 32. Rd1 Ke5 33. f4+ Kf6 34. Kf2 d4 35. Rxd4 Rxd4 36. cxd4 Rxd4 37. Rc3 Rd2+ 38. Ke1 Rd4 39. Bf1 Nb2 40. b5 Rd7 41. a6 bxa6 42. bxa6 Na4 43. Rc6+ Kg7 44. Bb5 Nb2 45. Rc2 Rd1+ 46. Ke2 Rb1 47. a7 Ra1 48. Rxb2 Rxa7 49. Rc2 Kf6 50. Rc6+ Kg7 51. Bc4 Ra5 52. Rxc7+ Kg6 53. Rc6+ Kh5 54. h3 Ra7 55. Ke3 Rg7 56. Be2+ 1-0


[Site "https://www.chess.com"]

[Event "Titled Tuesday Blitz January 31 Early 2023"]
[White "Gorodetzky, David"]
[Black "Kochetov, Andrey"]
[WhiteFideId "2813416"]
[BlackFideId "24130532"]
[WhiteElo "2485"]
[BlackElo "2165"]
[Result "1-0"]
[Round "01"]
[TimeControl "180+2"]
[Date "2023.01.31"]
[WhiteClock "0:00:56"]
[BlackClock "0:00:01"]

1. d4 Nf6 2. c4 e6 3. Nc3 c5 4. d5 exd5 5. cxd5 d6 6. e4 g6 7. Nf3 a6 8. h3 b5 9. Bd3 Bg7 10. O-O O-O 11. Bf4 Qb6 12. a4 c4 13. Bc2 b4 14. a5 Qc7 15. Na4 Nbd7 16. Nd2 Rb8 17. b3 Nh5 18. Be3 Bxa1 19. Qxa1 c3 20. Nc4 Ne5 21. Nab6 f5 22. Nxe5 dxe5 23. Rd1 f4 24. d6 Qd8 25. Nxc8 Rxc8 26. Bb6 Qg5 27. d7 f3 28. g4 Qh4 29. dxc8=Q Qxh3 30. Qe6+ Kg7 31. Qxe5+ Kh6 32. Qh2 Qxg4+ 33. Kh1 Rf4 34. Be3 g5 35. Rd6+ Kg7 36. Qag1 1-0


[Site "https://www.chess.com"]

[Event "Titled Tuesday Blitz January 31 Early 2023"]
[White "Le Ruyet, Leopold"]
[Black "Baskakov, Egor"]
[WhiteFideId "645923"]
[BlackFideId "24197866"]
[WhiteElo "2245"]
[BlackElo "2215"]
[Result "0-1"]
[Round "01"]
[TimeControl "180+2"]
[Date "2023.01.31"]
[WhiteClock "0:00:01"]
[BlackClock "0:00:25"]

1. e4 c5 2. Nc3 Nc6 3. Bb5 g6 4. Bxc6 dxc6 5. f4 Bg7 6. d3 e5 7. Nf3 exf4 8. Bxf4 Ne7 9. O-O h6 10. Qd2 g5 11. Be3 b6 12. a4 O-O 13. a5 Bg4 14. Qf2 f5 15. e5 f4 16. Bd2 Ng6 17. Rae1 Qc7 18. axb6 axb6 19. h3 Bh5 20. e6 Rae8 21. Re4 Ne7 22. Rfe1 Nf5 23. Ne2 Rf6 24. Bxf4 gxf4 25. Nxf4 Bxf3 26. Qxf3 Nd4 27. Qg4 Rf5 28. e7 Rg5 29. Qd1 Nf5 30. Ne6 Rxg2+ 31. Kxg2 Qg3+ 32. Kf1 Qxh3+ 33. Kg1 Qg3+ 34. Kf1 Qh2 35. Rg4 Ng3+ 36. Rxg3 Qxg3 37. Nxg7 Kxg7 38. Qh5 Qg6 39. Qe5+ Qf6+ 40. Kg2 Qxe5 41. Rxe5 Kf7 42. Rh5 Rxe7 43. Rxh6 Re2+ 44. Kf3 Rxc2 45. Rxc6 Rxb2 46. Ke4 Rb3 47. d4 Rb4 48. Kd3 Rxd4+ 49. Kc3 Rb4 50. Rh6 Ke7 51. Rc6 Kd7 52. Rh6 Kc7 53. Rh7+ Kc6 54. Rh6+ Kb5 55. Rh1 Rc4+ 0-1


[Site "https://www.chess.com"]

[Event "Titled Tuesday Blitz January 31 Early 2023"]
[White "Shohat, Yotam"]
[Black "Kamsky, Gata"]
[WhiteFideId "2813955"]
[BlackFideId "2000024"]
[WhiteElo "2346"]
[BlackElo "2665"]
[Result "0-1"]
[Round "01"]
[TimeControl "180+2"]
[Date "2023.01.31"]
[WhiteClock "0:00:01"]
[BlackClock "0:00:37"]

1. e4 e5 2. f4 d5 3. Nf3 dxe4 4. Nxe5 Nc6 5. Bb5 Bd7 6. Bxc6 Bxc6 7. Nc3 Nf6 8. O-O Bc5+ 9. Kh1 O-O 10. Nxc6 bxc6 11. d3 Re8 12. dxe4 Qxd1 13. Rxd1 Nxe4 14. Nxe4 Rxe4 15. Bd2 Re2 16. Bc3 f6 17. Rac1 Rae8 18. Re1 Kf7 19. a4 Bf2 20. Rxe2 Rxe2 21. h3 Bg3 22. f5 Rf2 23. Kg1 Rxf5 24. Rd1 Rd5 25. Rf1 h5 26. a5 a6 27. Ra1 Ke6 28. Kf1 Rf5+ 29. Ke2 Rf2+ 30. Kd3 Rxg2 31. Ra4 Bd6 32. Re4+ Kf7 33. Rc4 c5 34. Re4 Rg3+ 35. Kc4 Rxh3 36. Kd5 Rh1 37. Kc6 h4 38. Kb7 h3 39. Kxa6 h2 40. Kb7 g5 41. a6 Ra1 0-1


[Site "https://www.chess.com"]

[Event "Titled Tuesday Blitz January 31 Early 2023"]
[White "Ljukin, Sergei"]
[Black "Gurel, Ediz"]
[WhiteFideId "14102200"]
[BlackFideId "44507356"]
[WhiteElo "2362"]
[BlackElo "2499"]
[Result "1-0"]
[Round "01"]
[TimeControl "180+2"]
[Date "2023.01.31"]
[WhiteClock "0:00:07"]
[BlackClock "0:00:03"]

1. e4 c5 2. Nf3 e6 3. d4 cxd4 4. Nxd4 Nc6 5. Nc3 Qc7 6. Be3 a6 7. Qf3 Nf6 8. O-O-O Ne5 9. Qg3 h5 10. h3 h4 11. Qh2 Bb4 12. f4 Bxc3 13. fxe5 Nxe4 14. Qf4 Bxd4 15. Rxd4 Ng3 16. Rg1 b5 17. Qg5 Nf5 18. Bd3 Nxd4 19. Bxd4 Bb7 20. Rf1 Rf8 21. Bf2 Qd8 22. Qxg7 Qe7 23. Bb6 Rc8 24. Be3 Bd5 25. Bg5 Qc5 26. Bg6 d6 27. Rxf7 Qxc2+ 28. Bxc2 Rxf7 29. Qg8+ Rf8 30. Qg7 Rf7 31. Qg6 Rc4 32. Kb1 dxe5 33. Qg8+ Rf8 34. Bg6+ Kd7 35. Qxf8 Rd4 36. Qe8+ Kc7 37. Qe7+ Kb6 38. Be3 1-0


[Site "https://www.chess.com"]

[Event "Titled Tuesday Blitz January 31 Early 2023"]
[White "Yuan, Qingyu"]
[Black "Khandelwal, Ankush"]
[WhiteFideId "8609772"]
[BlackFideId "413470"]
[WhiteElo "2373"]
[BlackElo "2205"]
[Result "1-0"]
[Round "01"]
[TimeControl "180+2"]
[Date "2023.01.31"]
[WhiteClock "0:01:10"]
[BlackClock "0:00:11"]

1. e4 c5 2. Nf3 d6 3. Bb5+ Nd7 4. c3 Nf6 5. Qe2 a6 6. Ba4 g6 7. O-O Bg7 8. d4 b5 9. Bc2 Bb7 10. Rd1 O-O 11. h3 Qc7 12. e5 dxe5 13. Nxe5 cxd4 14. cxd4 Nxe5 15. dxe5 Nd5 16. f4 Rac8 17. Be4 Qxc1 18. Rxc1 Rxc1+ 19. Kh2 Nxf4 20. Qe3 Bxe5 21. Bxb7 Nd3+ 22. g3 Rc2+ 23. Bg2 1-0


[Site "https://www.chess.com"]

[Event "Titled Tuesday Blitz January 31 Early 2023"]
[White "Ozen, Bahadir"]
[Black "Jimenez Almeida, Luis David"]
[WhiteFideId "6337058"]
[BlackFideId "22242244"]
[WhiteElo "2369"]
[BlackElo "2242"]
[Result "0-1"]
[Round "01"]
[TimeControl "180+2"]
[Date "2023.01.31"]
[WhiteClock "0:00:39"]
[BlackClock "0:00:43"]

1. g3 g6 2. Bg2 Bg7 3. d4 f5 4. Nf3 Nf6 5. O-O d6 6. b3 O-O 7. Bb2 a5 8. c4 Qe8 9. Nc3 c6 10. Qc2 e5 11. Ba3 e4 12. Ng5 Qe7 13. Rad1 Na6 14. f3 Nb4 15. Qc1 h6 16. Nh3 d5 17. Nf4 Qf7 18. cxd5 cxd5 19. fxe4 dxe4 20. d5 g5 21. Ne6 Bxe6 22. dxe6 Qxe6 23. Na4 Rac8 24. Qd2 Rc2 25. Qd6 Qxd6 26. Rxd6 Ng4 27. Rc1 Rxa2 28. Bxb4 axb4 29. Rd7 Rf7 30. Rc8+ Bf8 31. Rxf7 Kxf7 32. Rc7+ Kg6 33. Rxb7 Ra1+ 34. Bf1 Ne3 35. Kf2 Nxf1 36. Rb6+ Kf7 37. Rb7+ Be7 38. Nc5 Nxh2 39. Nd7 Ng4+ 40. Kg2 Ra2 41. Kf1 h5 42. Nc5 h4 43. gxh4 gxh4 44. Na4 h3 0-1


[Site "https://www.chess.com"]

[Event "Titled Tuesday Blitz January 31 Early 2023"]
[White "Turzo, Attila"]
[Black "Ter-Sahakyan, Samvel"]
[WhiteFideId "704954"]
[BlackFideId "13302531"]
[WhiteElo "2279"]
[BlackElo "2617"]
[Result "0-1"]
[Round "01"]
[TimeControl "180+2"]
[Date "2023.01.31"]
[WhiteClock "0:00:33"]
[BlackClock "0:01:08"]

1. d4 Nf6 2. c4 g6 3. Nc3 Bg7 4. e4 O-O 5. Nf3 d6 6. Be2 e5 7. Be3 Nbd7 8. O-O c6 9. d5 c5 10. Ne1 h6 11. g4 Nh7 12. Kh1 Kh8 13. Ng2 Ndf6 14. f3 Ng8 15. Bd3 Ne7 16. Qd2 f5 17. gxf5 gxf5 18. Bxh6 Bxh6 19. Qxh6 Rf6 20. Qh5 Qf8 21. exf5 Bxf5 22. Bxf5 Nxf5 23. Ne4 Rh6 24. Qg4 Qf7 25. Ng3 Nd4 26. Kg1 Rg8 27. Qe4 Ng5 28. Qe3 Ngxf3+ 29. Rxf3 Nxf3+ 30. Kf2 Rxh2 31. Rh1 Rxh1 32. Nxh1 Nh4+ 33. Ke2 Rxg2+ 0-1


[Site "https://www.chess.com"]

[Event "Titled Tuesday Blitz January 31 Early 2023"]
[White "Bruned, Yvain"]
[Black "Kravtsiv, Martyn"]
[WhiteFideId "2250292"]
[BlackFideId "14113147"]
[WhiteElo "2286"]
[BlackElo "2598"]
[Result "0-1"]
[Round "01"]
[TimeControl "180+2"]
[Date "2023.01.31"]
[WhiteClock "0:00:12"]
[BlackClock "0:00:50"]

1. b3 e5 2. Bb2 Nc6 3. e3 Nge7 4. Nf3 d6 5. d4 e4 6. Nfd2 Bf5 7. c4 h5 8. Nc3 d5 9. cxd5 Nxd5 10. Ncxe4 Bb4 11. Ng3 Bg6 12. a3 h4 13. Ne2 O-O 14. Rc1 Qe7 15. axb4 Ncxb4 16. Nc3 Nxe3 17. fxe3 Qxe3+ 18. Qe2 Nd3+ 19. Kd1 Nxb2+ 20. Ke1 Nd3+ 21. Kd1 Nf2+ 22. Ke1 Qxe2+ 23. Bxe2 Nxh1 24. Bf3 Rad8 25. Ne2 c6 26. Kf1 Bd3 27. d5 Rfe8 28. Re1 cxd5 29. Kg1 Re6 30. g3 Rde8 31. Kf1 hxg3 32. hxg3 Nxg3+ 33. Kf2 Rxe2+ 34. Rxe2 Rxe2+ 35. Bxe2 Nxe2 36. Ke3 Ba6 0-1


[Site "https://www.chess.com"]

[Event "Titled Tuesday Blitz January 31 Early 2023"]
[White "Alexakis, Dimitris"]
[Black "Vovk, Orest"]
[WhiteFideId "4277023"]
[BlackFideId "14113490"]
[WhiteElo "2436"]
[BlackElo "2315"]
[Result "1/2-1/2"]
[Round "01"]
[TimeControl "180+2"]
[Date "2023.01.31"]
[WhiteClock "0:00:21"]
[BlackClock "0:00:15"]

1. g3 g5 2. d4 g4 3. h3 d6 4. c4 Bg7 5. Nc3 h5 6. Bg2 h4 7. Bf4 hxg3 8. Bxg3 gxh3 9. Nxh3 c6 10. e3 Qa5 11. a3 Qh5 12. Qxh5 Rxh5 13. O-O-O Nd7 14. Nf4 Rxh1 15. Rxh1 Ngf6 16. b4 Nf8 17. b5 Bd7 18. Kd2 O-O-O 19. bxc6 bxc6 20. Rb1 Kc7 21. c5 Rb8 22. Rb4 Rxb4 23. axb4 Ne6 24. Nxe6+ Bxe6 25. b5 Bd7 26. bxc6 Bxc6 27. d5 Bd7 28. c6 Bf5 29. e4 Bh6+ 30. Kd3 Bc8 31. Bf3 Ng4 32. Bxg4 Bxg4 33. e5 Bf5+ 34. Kc4 a6 35. exd6+ exd6 36. Na2 Bd2 37. f3 Bb1 38. Nb4 Bxb4 39. Kxb4 Ba2 40. Ka5 Bxd5 41. Kxa6 Bxf3 42. Kb5 Bxc6+ 43. Kc4 Kd7 44. Kd4 Ke6 45. Bf4 Bf3 46. Bh2 d5 47. Bb8 Kf5 48. Ke3 Be4 49. Bc7 Kg4 50. Bb6 f5 51. Bc7 Bb1 52. Be5 Be4 53. Bd6 Kg5 54. Be5 Kg6 55. Kf4 Kf7 56. Ke3 Ke6 57. Kd4 Kd7 58. Kc5 Bh1 59. Bf4 Ke6 60. Kd4 Be4 61. Be5 Bg2 62. Bf4 Kd7 63. Kc5 Kc8 64. Kb6 d4 65. Kc5 d3 66. Kd4 Be4 67. Ke3 Kd7 68. Kd2 Kc6 69. Ke3 Kd5 70. Bc7 Ke6 71. Kd2 Kf6 72. Ke3 Kg5 73. Bf4+ Kg4 74. Bc7 Kh3 75. Kf2 Bc6 76. Bd6 Ba4 77. Ke3 Bc2 78. Bc7 Kg2 79. Bf4 Kf1 80. Bg3 Bb1 81. Kd2 Kg2 82. Bc7 Kf3 83. Bb8 f4 84. Bc7 Bc2 85. Ke1 Ke3 86. Bb6+ Ke4 87. Bc7 f3 88. Bb6 Ba4 89. Ba5 Bd7 90. Bb6 Kd5 91. Kd2 Bf5 92. Ke3 Kc4 93. Kxf3 Kb5 94. Be3 Kc4 95. Kf2 Kc3 96. Bd2+ Kc2 97. Ke1 Bg4 98. Be3 Be2 99. Bd2 Kb3 100. Bf4 Kc4 101. Bd2 Kd5 102. Be3 Ke4 103. Kd2 Bh5 104. Bb6 Bg6 105. Ba7 Kf3 106. Bb8 Ke4 107. Bc7 Kf3 108. Ba5 Ke4 109. Bc3 Kf3 110. Bh8 Ke4 111. Ba1 Kf3 112. Bh8 Ke4 113. Ba1 Kf3 114. Bh8 1/2-1/2


[Site "https://www.chess.com"]

[Event "Titled Tuesday Blitz January 31 Early 2023"]
[White "Samunenkov, Ihor"]
[Black "Danielyan, Vahe"]
[WhiteFideId "14187086"]
[BlackFideId "13304828"]
[WhiteElo "2501"]
[BlackElo "2346"]
[Result "1-0"]
[Round "01"]
[TimeControl "180+2"]
[Date "2023.01.31"]
[WhiteClock "0:01:20"]
[BlackClock "0:01:13"]

1. d4 Nf6 2. c4 g6 3. Nf3 Bg7 4. g3 b6 5. Bg2 Bb7 6. O-O O-O 7. Re1 c5 8. d5 b5 9. cxb5 Bxd5 10. Nc3 Bb7 11. e4 a6 12. e5 Ne8 13. Qb3 axb5 14. Qxb5 Qc7 15. Bf4 Qc6 16. Qb3 Qe6 17. Qxb7 1-0


[Site "https://www.chess.com"]

[Event "Titled Tuesday Blitz January 31 Early 2023"]
[White "Hajiyev, Kanan"]
[Black "Pakleza, Zbigniew"]
[WhiteFideId "13404148"]
[BlackFideId "1119290"]
[WhiteElo "2197"]
[BlackElo "2494"]
[Result "0-1"]
[Round "01"]
[TimeControl "180+2"]
[Date "2023.01.31"]
[WhiteClock "0:00:04"]
[BlackClock "0:00:06"]

1. d4 d6 2. Nf3 Bg4 3. g3 Bxf3 4. exf3 e6 5. Bg2 c6 6. O-O g6 7. Re1 Ne7 8. c3 Bg7 9. f4 O-O 10. Nd2 Nd7 11. Nc4 Qc7 12. Qe2 Rac8 13. h4 h5 14. a4 Rfd8 15. Bf3 c5 16. dxc5 Nxc5 17. Ne3 d5 18. Nc2 Nf5 19. Be3 a6 20. Red1 Nxe3 21. Qxe3 Nb3 22. Ra3 Na5 23. Qe2 Nc4 24. Ra2 Qb6 25. Ne3 Qb3 26. Rda1 Na5 27. Ra3 Qb6 28. Kg2 d4 29. cxd4 Nb3 30. Nc4 Qb4 31. Ne5 Nxa1 32. Rxa1 Rc7 33. Rd1 Rxd4 34. Rxd4 Qxd4 35. a5 Qb4 36. Nd3 Qxa5 37. b4 Qb6 38. Nc5 Qd6 39. Ne4 Qxb4 40. Ng5 Qe7 41. Kh3 Bf6 42. Ne4 Bd4 43. Kg2 Kg7 44. Qd3 Bf6 45. Ng5 Rd7 46. Qe3 Bxg5 47. hxg5 Qd6 48. Qe4 b5 49. Qc2 Qd4 50. Qa2 Rd6 51. Qa5 b4 52. Qc7 b3 53. Qb7 b2 54. Be4 a5 55. g4 hxg4 56. Kg3 a4 57. Kxg4 a3 58. Bb1 Qd5 59. Qb4 Qg2+ 60. Kh4 Qh2+ 61. Kg4 Qg2+ 62. Kh4 Qxf2+ 63. Kg4 Qd4 64. Qb3 Rc6 65. Qxa3 Rc4 66. Ba2 Qxf4+ 67. Kh3 Qg4+ 68. Kh2 Rc2+ 0-1


[Site "https://www.chess.com"]

[Event "Titled Tuesday Blitz January 31 Early 2023"]
[White "Ronka, Erik"]
[Black "Van Foreest, Lucas"]
[WhiteFideId "505080"]
[BlackFideId "1039792"]
[WhiteElo "2276"]
[BlackElo "2556"]
[Result "1-0"]
[Round "01"]
[TimeControl "180+2"]
[Date "2023.01.31"]
[WhiteClock "0:00:04"]
[BlackClock "0:00:02"]

1. e4 b5 2. Bxb5 Bb7 3. Nc3 f5 4. d3 Nf6 5. Qe2 fxe4 6. dxe4 e6 7. Nf3 Bb4 8. Bd3 O-O 9. O-O Nc6 10. e5 Bxc3 11. bxc3 Nd5 12. Ng5 h6 13. Qe4 Rf5 14. Nf3 Qf8 15. Nh4 Nxc3 16. Qe1 Rh5 17. Ng6 Qc5 18. Be3 Qa5 19. f4 Nd5 20. Bd2 Qc5+ 21. Kh1 Nce7 22. Qg3 Nf5 23. Qg4 Nde3 24. Bxe3 Nxe3 25. Qxh5 Bxg2+ 26. Kg1 Bxf1 27. Rxf1 Nxf1+ 28. Kxf1 Rb8 29. Ke2 Qg1 30. Nh4 Qxh2+ 31. Ke3 Qh3+ 32. Kd2 Qh2+ 33. Kc3 Qxf4 34. a3 c5 35. Ng6 Qd4+ 36. Kd2 Qf2+ 37. Be2 Qd4+ 38. Bd3 Qf2+ 39. Be2 Qf7 40. Qg4 d6 41. Nf4 dxe5 42. Nxe6 h5 43. Qh3 Rb6 44. Bc4 Rd6+ 45. Kc3 Kh8 46. Ng5 Qe8 47. Nf7+ Kh7 48. Qxh5+ Rh6 49. Qf5+ g6 50. Ng5+ Kg7 51. Ne6+ Kh7 52. Nf8+ Kg7 53. Ne6+ Kh7 54. Qf6 Rh2 55. Qg7# 1-0


[Site "https://www.chess.com"]